 Dungeon Crawl Stone Soup version 0.30-a0-223-gcb0039aa0c (webtiles) character file.

Game seed: 11741744372115245635

1974 lorenzova the Thaumaturge (level 9, -14/45 HPs)
             Began as a Deep Elf Conjurer on Oct 9, 2022.
             Demolished by a two-headed ogre
             ... wielding a +0 giant spiked club
              (24 damage)
             ... on level 6 of the Dungeon.
             The game lasted 00:09:43 (6527 turns).

lorenzova the Thaumaturge (Deep Elf Conjurer)       Turns: 6527, Time: 00:09:44

Health: -14/45     AC:  2    Str:  4    XL:     9   Next: 0%
Magic:  15/25      EV: 12    Int: 34    God:
Gold:   199        SH:  0    Dex: 13    Spells: 15/28 levels left

rFire   . . .      SeeInvis .    (no weapon)
rCold   . . .      Faith    .    (no shield)
rNeg    . . .      Spirit   .    a - +0 robe
rPois   .          Reflect  .    (no helmet)
rElec   .          Harm     .    (no cloak)
rCorr   .          Rampage  .    (no gloves)
Will    .....                    (no boots)
Stlth   ++........               (no amulet)
HPRegen 0.27/turn                l - +6 ring of intelligence
MPRegen 0.19/turn                r - ring of flight

@: flying
A: no striking features
a: no special abilities


You were on level 6 of the Dungeon.
You visited 2 branches of the dungeon, and saw 7 of its levels.

You collected 199 gold pieces.

Inventory:

Armour
 a - a +0 robe (worn)
Magical Staves
 k - a staff of death
Jewellery
 l - a +6 ring of intelligence (left hand)
 r - a ring of flight (right hand)
 y - an amulet of guardian spirit
Wands
 o - a wand of iceblast (11)
Scrolls
 f - 5 scrolls of teleportation
 h - a scroll of fear {unknown}
 i - 2 scrolls of poison {unknown}
 m - a scroll of amnesia {unknown}
 n - a scroll of silence {unknown}
 t - 2 scrolls of magic mapping {unknown}
 w - a scroll of torment {unknown}
 x - a scroll of immolation {unknown}
 A - a scroll of vulnerability {unknown}
 B - a scroll of enchant weapon {unknown}
 C - a scroll of fog {unknown}
Potions
 b - a potion of magic
 c - 4 potions of resistance
 d - a potion of degeneration {unknown}
 e - 3 potions of haste
 g - a potion of mutation {unknown}
 j - 3 potions of curing
 p - a potion of attraction {unknown}
 q - a potion of heal wounds {unknown}
 s - 2 potions of invisibility {unknown}
 u - a potion of ambrosia {unknown}
 v - a potion of cancellation {unknown}
 z - 2 potions of might {unknown}


   Skills:
 - Level 2.4 Dodging
 - Level 2.4 Stealth
 * Level 10.0 Spellcasting
 * Level 9.1 Conjurations
 + Level 5.1 Hexes
 + Level 4.1 Translocations


You had 15 spell levels left.
You knew the following spells:

 Your Spells              Type           Power      Damage    Failure   Level
a - Magic Dart            Conj           100%       1d8       1%          1
b - Searing Ray           Conj           100%       2d8       1%          2
c - Iskenderun's Mystic   Conj/Tloc      58%        2d12      1%          4
d - Fulminant Prism       Conj/Hex       30%        3d16      1%          4
e - Blink                 Tloc           90%        N/A       1%          2

Your spell library contained the following spells:

 Spells                   Type           Power      Damage    Failure   Level
 Momentum Strike          Conj/Tloc      100%       3d10      1%          2
 Dazzling Flash           Conj/Hex       100%       N/A       1%          3
 Lesser Beckoning         Tloc           90%        N/A       1%          3
 Tukima's Dance           Hex            51%        N/A       1%          3
 Cause Fear               Hex            25%        N/A       3%          4
 Kindle Blastsparks       Fire/Tloc/Air  52%        2d14      4%          3
 Passage of Golubria      Tloc           45%        N/A       4%          4
 Yara's Violent Unravell  Hex/Tmut       17%        3d8       26%         5
 Lee's Rapid Deconstruct  Erth           8%         3d8*      58%         5
 Dragon Form              Tmut           8%         N/A       100%        7
 Dragon's Call            Summ           8%         N/A       100%        9


Dungeon Overview and Level Annotations

Branches:
Dungeon (6/15)             Temple (1/1) D:5

Altars:
Ashenzari
Cheibriados
Dithmenos
Fedhas
Hepliaklqana
Kikubaaqudgha
Nemelex Xobeh
Okawaru
Qazlal
Ru
Sif Muna
Trog
Uskayaw
Wu Jian
Xom
Yredelemnul
The Shining One

Annotations:
D:3 exclusion: downstairs


Message History

You can't see any susceptible monsters within range! (Use Z to cast anyway.)
A two-headed ogre is nearby!
Unknown command.
Casting: Magic Dart (safe; 1% risk of failure)
Confirm with . or Enter, or press ? or * to list all spells.
Aiming: Magic Dart (safe; 1% risk of failure)
Press: ? - help, Shift-Dir - straight line, f/p - two-headed ogre
Aim: a two-headed ogre, wielding a +0 giant spiked club and a +0 giant club (lightly wounded, 100% to hit)
The magic dart hits the two-headed ogre.
The two-headed ogre is lightly wounded.
Casting: Magic Dart (safe; 1% risk of failure)
Confirm with . or Enter, or press ? or * to list all spells.
Aiming: Searing Ray (safe; 1% risk of failure)
Press: ? - help, Shift-Dir - straight line, f/p - two-headed ogre
Aim: a two-headed ogre, wielding a +0 giant spiked club and a +0 giant club (lightly wounded, 92% to hit)
The searing ray hits the two-headed ogre!
The two-headed ogre is moderately wounded. (Press . to maintain the ray.)
The searing ray hits the two-headed ogre.
The two-headed ogre is moderately wounded.
The searing ray hits the two-headed ogre!
The two-headed ogre is heavily wounded.
The searing ray hits the two-headed ogre!
The two-headed ogre is severely wounded.
You finish channelling your searing ray.
The two-headed ogre hits you with a +0 giant spiked club!!
The two-headed ogre hits you with a +0 giant club!
* * * LOW HITPOINT WARNING * * *
Casting: Searing Ray (safe; 1% risk of failure)
Confirm with . or Enter, or press ? or * to list all spells.
Aiming: Searing Ray (safe; 1% risk of failure)
Press: ? - help, Shift-Dir - straight line, f/p - two-headed ogre
Aim: a two-headed ogre, wielding a +0 giant spiked club and a +0 giant club (severely wounded, 92% to hit)
The searing ray hits the two-headed ogre!
The two-headed ogre is almost dead. (Press . to maintain the ray.)
The two-headed ogre closely misses you.
The two-headed ogre hits you with a +0 giant club!!
Ouch! That really hurt!
You die...

.. ####.##....... ..
#.######### ##.## #.#
#...# #.# #...# #.#
##.).# #.#### # ##....#
#.##.## ##
##...#.#######.#...####.
.......O@.............)'.
#.#...#.#######.#...####.
##....# #.##.## ## ##.#.#
#.#### # #.#.# #.# # #.#
#.# #.# #.# .. #.# #.#


You could see a two-headed ogre.

Vanquished Creatures
  A steam dragon (D:6)
  A water moccasin (D:6)
  Duvessa (D:6)
  An ice beast (D:5)
  4 black bears
  5 ogres
  A kobold brigand (D:6)
  A necrophage (D:5)
  A scorpion (D:6)
  Dowan (D:6)
  An orc priest (D:5)
  2 hounds
  3 jellies (D:5)
  4 iguanas
  2 orc wizards (D:5)
  10 adders
  2 ufetubi (D:5)
  2 worms
  4 dart slugs
  12 orcs
  9 bats
  3 endoplasms
  5 giant cockroaches
  7 goblins
  6 hobgoblins
  5 jackals (D:2)
  4 quokkas (D:2)
  10 ball pythons
  2 frilled lizards (D:3)
  11 kobolds
  6 rats
127 creatures vanquished.

Notes
Turn   | Place    | Note
-------+----------+-------------------------------------------
     0 | D:1      | lorenzova the Deep Elf Conjurer began the quest for the
                  | Orb.
     0 | D:1      | Reached XP level 1. HP: 10/10 MP: 6/6
   207 | D:1      | Reached XP level 2. HP: 15/15 MP: 5/8
   747 | D:1      | Reached skill level 4 in Spellcasting
   979 | D:2      | Reached skill level 5 in Conjurations
   979 | D:2      | Reached XP level 3. HP: 14/19 MP: 5/10
  1323 | D:3      | Learned a level 2 spell: Searing Ray
  1510 | D:2      | Reached XP level 4. HP: 24/24 MP: 2/12
  1743 | D:2      | Reached skill level 5 in Spellcasting
  2656 | D:3      | Found a faded altar of an unknown god.
  2809 | D:3      | Reached XP level 5. HP: 28/28 MP: 10/14
  2896 | D:4      | Noticed an ogre
  3019 | D:4      | Killed an ogre
  3020 | D:4      | Reached skill level 6 in Spellcasting
  3075 | D:4      | Reached XP level 6. HP: 17/32 MP: 11/17
  3139 | D:4      | Learned a level 4 spell: Iskenderun's Mystic Blast
  3144 | D:4      | Learned a level 4 spell: Fulminant Prism
  3147 | D:4      | Learned a level 2 spell: Blink
  3176 | D:4      | Found a glowing golden altar of the Shining One.
  3206 | D:4      | Found an iron altar of Okawaru.
  3209 | D:4      | Found a shadowy altar of Dithmenos.
  3212 | D:4      | Found a hide-covered altar of Uskayaw.
  3296 | D:4      | Reached skill level 1 in Hexes
  3447 | D:4      | Reached skill level 7 in Spellcasting
  3447 | D:4      | Reached skill level 1 in Translocations
  3607 | D:4      | Reached XP level 7. HP: 16/36 MP: 11/19
  3825 | D:4      | Found a hazy altar of Hepliaklqana.
  3844 | D:5      | Entered Level 5 of the Dungeon
  4453 | D:5      | Reached skill level 8 in Spellcasting
  4533 | D:5      | Reached XP level 8. HP: 41/41 MP: 15/22
  4714 | D:5      | Found a staircase to the Ecumenical Temple.
  5073 | Temple   | Entered the Ecumenical Temple
  5304 | D:5      | Found a shimmering altar of Xom.
  5535 | D:5      | Reached skill level 9 in Spellcasting
  6046 | D:6      | Noticed Duvessa
  6053 | D:6      | Noticed Dowan
  6056 | D:6      | Killed Duvessa
  6060 | D:6      | Killed Dowan
  6335 | D:6      | Reached skill level 5 in Hexes
  6420 | D:6      | Reached XP level 9. HP: 45/45 MP: 18/24
  6510 | D:6      | Reached skill level 10 in Spellcasting
  6519 | D:6      | Noticed a two-headed ogre
  6527 | D:6      | Demolished by a two-headed ogre

Illustrated notes

Levels and vault maps discovered:
D:1:      mrwooster_arrival_statue_3, layout_basic, moated_statue,
          hangedman_decor_slide_cut, minmay_close_crescents
D:2:      layout_basic, grunt_ministairs_1
D:3:      layout_rooms, shapermc_ecumenical_altar_starsandcircs,
          serial_park_tiny_pond
D:4:      layout_rooms, nicolae_overflow_hidden_temple,
          grunt_temple_overflow_cloverleaf, bh_walls_and_bars
D:5:      layout_cave_pools, dk_xom_monty_hall, minmay_temple_entry_tees
D:6:      layout_loops_corners, serial_shops, shop, uniq_duvessa
Temple:   nicolae_temple_bog_church

Skill      XL: |  1  2  3  4  5  6  7  8  9 |
---------------+----------------------------+-----
Spellcasting   | 4 5 6 7 8 9 10 | 10.0
Conjurations   | 5 6 7 9 |  9.1
Hexes          | 2 3 5 |  5.1
Translocations | 1 2 4 |  4.1
Dodging        | |  2.4
Stealth        | |  2.4

Action                   |  1- 3 |  4- 6 |  7- 9 || total
-------------------------+-------+-------+-------++-------
 Cast: Magic Dart        |    75 |    92 |    55 ||   222
       Searing Ray       |       |    12 |    29 ||    41
  Use: Scroll            |       |       |     4 ||     4
Armor: Robe              |     3 |     2 |     1 ||     6
Dodge: Dodged            |    11 |    13 |    14 ||    38

Table legend: (Time is in decaauts)
 A = Elapsed time spent in this place.
 B = Non-inter-level travel time spent in this place.
 C = Inter-level travel time spent in this place.
 D = Time resting spent in this place.
 E = Time spent auto-exploring this place.
 F = Levels seen in this place.
 G = Mean time per level.
                   A        B        C        D        E       F      G
               +--------+--------+--------+--------+--------+-----+--------+
         Total |   6528 |   6328 |    200 |   3205 |   2429 |   7 |  932.6 |
       Dungeon |   6379 |   6190 |    189 |   3205 |   2301 |   6 | 1063.2 |
        Temple |    148 |    137 |     11 |      0 |    128 |   1 |  148.0 |
               +--------+--------+--------+--------+--------+-----+--------+

Top non-repeatable levels by time:
     D:5: 1884 daAuts
     D:2: 1107 daAuts
     D:4: 1064 daAuts
     D:1: 969 daAuts
     D:3: 841 daAuts
     D:6: 511 daAuts
  Temple: 148 daAuts
